 Dungeon Crawl Stone Soup version 0.30-a0-1075-gcd70e7a56d (webtiles) character file.

Game seed: 3566688204051176832

1030 bmack86 the Chopper (level 8, 0/70 HPs)
             Began as a Minotaur Fighter on Apr 14, 2023.
             Slain by Pikel
             ... wielding a +1 whip of electrocution
              (7 damage)
             ... on level 5 of the Dungeon.
             The game lasted 00:07:22 (3178 turns).

bmack86 the Chopper (Minotaur Fighter)              Turns: 3178, Time: 00:07:23

Health: 0/70       AC: 10    Str: 23    XL:     8   Next: 3%
Magic:  7/7        EV: 14    Int:  5    God:
Gold:   281        SH:  5    Dex: 10    Spells: 7/7 levels left

rFire   + . .      SeeInvis .    a - +0 war axe
rCold   . . .      Faith    .    c - +0 buckler
rNeg    . . .      Spirit   .    r - +0 scale mail {rF+}
rPois   .          Reflect  .    (helmet restricted)
rElec   .          Rampage  .    (no cloak)
rCorr   .                        g - +0 pair of gloves
Will    .....                    n - +0 pair of boots Stlth
                                 (no amulet)
HPRegen 0.31/turn                l - +5 ring of evasion
MPRegen 0.10/turn                (no ring)

@: no status effects
A: horns 2, retaliatory headbutt
a: no special abilities


You were on level 5 of the Dungeon.
You visited 1 branch of the dungeon, and saw 5 of its levels.

You collected 281 gold pieces.

Inventory:

Hand Weapons
 a - a +0 war axe (weapon)
Armour
 b - a +0 scale mail
 c - a +0 buckler (worn)
 g - a +0 pair of gloves (worn)
 n - a +0 pair of boots (worn)
 r - a +0 scale mail of fire resistance (worn)
Jewellery
 l - a +5 ring of evasion (left hand)
Scrolls
 i - 3 scrolls of teleportation {unknown}
 k - a scroll of enchant weapon {unknown}
 o - 2 scrolls of fear {unknown}
 q - a scroll of blinking {unknown}
 s - a scroll of fog {unknown}
 t - a scroll of poison {unknown}
Potions
 d - a potion of might
 e - a potion of resistance
 f - 3 potions of curing
 h - 3 potions of heal wounds
 j - a potion of flight
 m - a potion of brilliance
 p - a potion of berserk rage


   Skills:
 + Level 6.1 Fighting
 * Level 7.4 Axes
 + Level 6.1 Armour
 + Level 6.1 Shields


You had 7 spell levels left.
You didn't know any spells.
Your spell library contained the following spells:

 Spells                   Type           Power      Damage    Failure   Level
 Kiss of Death            Conj/Necr      0%         2d5       85%         1
 Shock                    Conj/Air       0%         1d3       85%         1
 Summon Small Mammal      Summ           0%         N/A       85%         1
 Cigotuvi's Dreadful Rot  Necr/Pois/Air  0%         N/A       94%         2
 Ensorcelled Hibernation  Hex/Ice        0%         N/A       94%         2
 Lesser Beckoning         Tloc           0%         N/A       94%         2
 Sublimation of Blood     Necr           0%         N/A       94%         2
 Wereblood                Tmut           0%         N/A       94%         2
 Call Canine Familiar     Summ           0%         N/A       99%         3
 Confusing Touch          Hex            0%         N/A       99%         3
 Gell's Gravitas          Tloc           0%         N/A       99%         3
 Ignite Poison            Fire/Tmut/Pois 0%         N/A       99%         3
 Spider Form              Tmut/Pois      0%         N/A       99%         3
 Summon Guardian Golem    Hex/Summ       0%         N/A       99%         3
 Swiftness                Air            0%         N/A       99%         3
 Teleport Other           Tloc           0%         N/A       99%         3
 Airstrike                Air            0%         2d(0-16)  100%        4
 Anguish                  Hex/Necr       0%         N/A       100%        4
 Dispel Undead            Necr           0%         3d6       100%        4
 Freezing Cloud           Conj/Ice/Air   0%         6-21      100%        5
 Dispersal                Tloc           0%         N/A       100%        6
 Summon Hydra             Summ           0%         N/A       100%        7


Dungeon Overview and Level Annotations

Branches:
Dungeon (5/15)
 Temple: D:4-7

Altars:
Fedhas
Sif Muna

Shops:
D:4 (

Annotations:
D:5 Pikel


Innate Abilities, Weirdness & Mutations

You have a pair of horns on your head.
You reflexively headbutt those who attack you in melee.


Message History

You block the lemure's attack. The lemure hits you.
The lemure barely misses you. Pikel waves his whip at you.
Pikel hits you with a +1 whip of electrocution.
You are electrocuted!
The lemure hits you.
You barely miss Pikel. Your headbutt misses Pikel.
Pikel is moderately wounded.
You barely miss the lemure. You hit the lemure but do no damage.
The lemure hits you but does no damage.
Pikel hits you with a +1 whip of electrocution.
The lemure hits you but does no damage.
You closely miss Pikel.
Pikel is moderately wounded.
You closely miss the lemure. x2; You block the lemure's attack.
Pikel closely misses you. The lemure misses you.
You hit Pikel but do no damage. You headbutt Pikel, but do no damage.
Pikel is moderately wounded.
You hit the lemure.
You kill the lemure!
That felt strangely unrewarding.
You barely miss the lemure. You block Pikel's attack.
You hit Pikel. You headbutt Pikel, but do no damage.
Pikel is heavily wounded.
You hit the lemure but do no damage. Pikel closely misses you.
The lemure closely misses you.
You slash Pikel!
Pikel is severely wounded.
You hit the lemure. You hit the lemure but do no damage.
The lemure closely misses you. You block Pikel's attack. The lemure hits you.
Pikel says, "Asmodeus and me are pals.
He gave me this whip."
Pikel hits you with a +1 whip of electrocution.
* * * LOW HITPOINT WARNING * * *
You block the lemure's attack. The lemure hits you!
* * * LOW HITPOINT WARNING * * *
You hit Pikel.
Pikel is almost dead.
You closely miss the lemure. You slash the lemure! The lemure hits you.
* * * LOW HITPOINT WARNING * * *
Pikel hits you with a +1 whip of electrocution!
You die...

## .. #.
.. #. #. #
# #.##.#
#..##K@#.#
#....55..#
##.###.###
.. #.# #
##.# ##..#
####...##
+.......#
####...##


You could see Pikel and 2 lemures.

Vanquished Creatures
  Sigmund (D:5)
  Duvessa (D:5)
  An ice beast (D:3)
  A sky beast (D:5)
  An ogre (D:5)
  2 lemures (D:5)
  A phantom (D:4)
  Dowan (D:5)
  2 hounds
  Jessica (D:2)
  An orc wizard (D:4)
  Natasha (thrice) (D:3)
  7 adders
  4 gnolls (D:2)
  A dart slug (D:3)
  9 orcs
  10 ball pythons
  3 endoplasms
  2 giant cockroaches
  7 goblins
  17 hobgoblins
  6 jackals
  6 quokkas
  2 bats
  3 frilled lizards
  3 kobolds
  4 rats
100 creatures vanquished.

Notes
Turn   | Place    | Note
-------+----------+-------------------------------------------
     0 | D:1      | bmack86 the Minotaur Fighter began the quest for the Orb.
     0 | D:1      | Reached XP level 1. HP: 19/19 MP: 0/0
   758 | D:2      | Reached skill level 3 in Axes
   758 | D:2      | Reached XP level 2. HP: 27/27 MP: 1/1
  1040 | D:2      | Noticed Jessica
  1045 | D:2      | Reached XP level 3. HP: 29/33 MP: 2/2
  1063 | D:2      | Reached XP level 4. HP: 29/40 MP: 3/3
  1065 | D:2      | Killed Jessica
  1066 | D:2      | Reached skill level 4 in Axes
  1558 | D:3      | Reached XP level 5. HP: 47/47 MP: 4/4
  1559 | D:3      | Noticed an ice beast
  1569 | D:3      | Killed an ice beast
  1570 | D:3      | Reached skill level 5 in Axes
  1703 | D:3      | Noticed Natasha
  1709 | D:3      | Killed Natasha
  1710 | D:3      | Reached XP level 6. HP: 55/55 MP: 5/5
  1716 | D:3      | Noticed Natasha
  1719 | D:3      | Killed Natasha
  1775 | D:3      | Noticed Natasha
  1785 | D:3      | Killed Natasha
  1786 | D:3      | Reached skill level 5 in Fighting
  1915 | D:3      | Reached skill level 5 in Armour
  1971 | D:3      | Reached skill level 5 in Shields
  2203 | D:4      | Found Laivapp's Weapon Emporium.
  2407 | D:4      | Reached skill level 6 in Axes
  2555 | D:4      | Reached XP level 7. HP: 61/61 MP: 6/6
  2604 | D:4      | Found a shimmering blue altar of Sif Muna.
  2608 | D:4      | Found a blossoming altar of Fedhas.
  2787 | D:5      | Entered Level 5 of the Dungeon
  2981 | D:5      | Noticed Sigmund
  2995 | D:5      | Killed Sigmund
  3001 | D:5      | Reached skill level 7 in Axes
  3122 | D:5      | Noticed Duvessa
  3122 | D:5      | Noticed Dowan
  3129 | D:5      | Killed Duvessa
  3130 | D:5      | Killed Dowan
  3131 | D:5      | Reached XP level 8. HP: 64/70 MP: 7/7
  3165 | D:5      | Noticed Pikel
  3178 | D:5      | Slain by Pikel

Illustrated notes

Levels and vault maps discovered:
D:1:      amcnicky_arrival_choice, layout_loops_ring
D:2:      cheibrodos_greedy_goblins, layout_basic, uniq_jessica
D:3:      minmay_razor_zed, layout_rooms, kennysheep_small_spiral,
          kennysheep_generic_room_12, uniq_natasha
D:4:      layout_cave_pools, grunt_temple_overflow_open, serial_shops, shop,
          nicolae_nh_ransacked_shop
D:5:      layout_loops_corners, uniq_sigmund, uniq_ijyb, uniq_duvessa,
          uniq_pikel

Skill      XL: |  1  2  3  4  5  6  7 |
---------------+----------------------+-----
Axes           | 3 4 5 6 7 |  7.4
Fighting       | 4 5 6 |  6.1
Armour         | 4 5 6 |  6.1
Shields        | 4 5 6 |  6.1

Action                     |  1- 3 |  4- 6 |  7- 9 || total
---------------------------+-------+-------+-------++-------
  Melee: War axe           |    52 |   119 |    41 ||   212
         Headbutt          |     4 |    18 |     9 ||    31
    Use: Scroll            |     2 |     5 |       ||     7
 Armour: Scale mail        |    13 |    52 |    12 ||    77
  Dodge: Dodged            |    35 |    94 |    38 ||   167
  Block: Buckler           |    14 |    35 |     9 ||    58

Table legend: (Time is in decaauts)
 A = Elapsed time spent in this place.
 B = Non-inter-level travel time spent in this place.
 C = Inter-level travel time spent in this place.
 D = Time resting spent in this place.
 E = Time spent auto-exploring this place.
 F = Levels seen in this place.
 G = Mean time per level.
                   A        B        C        D        E       F      G
               +--------+--------+--------+--------+--------+-----+--------+
         Total |   3243 |   3170 |     73 |      0 |   2271 |   5 |  648.6 |
       Dungeon |   3243 |   3170 |     73 |      0 |   2271 |   5 |  648.6 |
               +--------+--------+--------+--------+--------+-----+--------+

Top non-repeatable levels by time:
     D:2: 836 daAuts
     D:3: 713 daAuts
     D:1: 699 daAuts
     D:4: 594 daAuts
     D:5: 399 daAuts
